 Dungeon Crawl Stone Soup version 0.17-a0-1778-gd369669 (webtiles) character file.

16 abixa the Ruffian (level 2, 25/25 (26) HPs)
             Began as a Ghoul Monk on Sept 8, 2015.
             Quit the game on level 1 of the Dungeon.
             The game lasted 00:02:18 (435 turns).

abixa the Ruffian (Ghoul Monk)                       Turns: 435, Time: 00:02:18

HP:   25/25 (26)    AC:  2    Str: 14    XL:     2   Next: 58%
MP:   1/1           EV: 12    Int:  5    God:
Gold: 68            SH:  0    Dex: 11    Spells: 0 memorised, 1 level left

rFire  . . .     SeeInvis .       - Unarmed
rCold  + . .     Clarity  .     n - +0 robe (curse)
rNeg   + + +     SustAt   .     (no shield)
rPois  ∞         Gourm    .     (no helmet)
rElec  .         Spirit   .     (no cloak)
rCorr  .         Warding  .     (no gloves)
rMut   .         Stasis   .     (no boots)
MR     .....                    (no amulet)
Stlth  ++........               (no ring)
                                (no ring)

@: rotting, not resistant to hostile enchantments, unstealthy
A: rotting body, claws 1, carnivore 3, cold resistance 1, negative energy
resistance 3, slow healing 1, torment resistance, unbreathing
a: no special abilities


You were on level 1 of the Dungeon.
You were not hungry.

You visited 1 branch of the dungeon, and saw 1 of its levels.

You collected 68 gold pieces.

Inventory:

Missiles
 e - 20 poisoned needles
 i - 31 stones (quivered)
Armour
 a - a +0 robe
 n - a cursed +0 robe (worn)
Scrolls
 h - a scroll of magic mapping {unknown}
 j - a scroll of teleportation {unknown}
 k - 2 scrolls of fog {unknown}
 l - a scroll of enchant armour {unknown}
Potions
 d - a potion of mutation {unknown}
 g - a potion of brilliance {unknown}
 m - a potion of lignification {unknown}
Comestibles
 b - a meat ration
 c - 3 chunks of flesh
 f - 2 royal jellies


   Skills:
 + Level 3.3 Fighting
 + Level 2.7 Dodging
 + Level 3.0 Stealth
 + Level 4.6 Unarmed Combat


You had one spell level left.
You didn't know any spells.

Dungeon Overview and Level Annotations

Branches:
Dungeon (1/15)

Altars:


Innate Abilities, Weirdness & Mutations

Your body is rotting away.
You thrive on raw meat.
You are immune to poison.
You have sharp fingernails.
You are carnivorous and can eat meat at any time.
Your flesh is cold resistant.
You are immune to negative energy.
You heal slowly when monsters are visible.
You are immune to unholy pain and torment.
You can survive without breathing.


Message History

n - a runed robe Wear which item? (? for menu, Esc to quit)
You start removing your armour.
You continue taking off your +0 robe.
You continue taking off your +0 robe. x3
You finish taking off your +0 robe.
You start putting on your armour.
You continue putting on your runed robe. x5
You finish putting on your cursed +0 robe.
Oops, that feels deathly cold.
f - 2 royal jellies (gained 1)
You feel your flesh rotting away.
There is an open door here.
A kobold comes into view.
The helpless kobold fails to defend itself.
You claw the kobold!
You kill the kobold!
Your Stealth skill increases to level 3!
i - 31 stones (gained 4) Unknown command.
Are you sure you want to abandon this character and quit the game? (Confirm with "yes".)

#.#.....'.....#.#.#.##......
#.##....#######.#.#.........
#.#...........#.#.####......
#.#.#########.#.#....'......
#.............#.######......
#.###...########.........#####
#........................'.#
######...#######.........#.###
#...#..@............#...#
#...#.....#.......#####.#
###.#.###.............#.# #.#.
.#..###........#.# #)#
..............##.#
#........###.........÷.##.#
#........+.............##.#
#........#.............##.#
#........+.............##.#


There were no monsters in sight!

Vanquished Creatures
  A giant cockroach (D:1)
  A hobgoblin (D:1)
  4 kobolds (D:1)
  5 bats (D:1)
  A giant newt (D:1)
  2 goblins (D:1)
  3 rats (D:1)
17 creatures vanquished.

Notes
Turn   | Place    | Note
--------------------------------------------------------------
     0 | D:1      | abixa the Ghoul Monk began the quest for the Orb.
     0 | D:1      | Reached XP level 1. HP: 19/19 MP: 0/0
   153 | D:1      | Reached XP level 2. HP: 23/26 MP: 1/1
   435 | D:1      | Quit the game

Vault maps used:
D:1:      matt_arrival_diagonals

Action                   || total
-------------------------++-------
Melee: Unarmed           ||    40
 Stab: Sleeping          ||     4
  Eat: Chunk             ||     2
